 Dungeon Crawl Stone Soup version 0.29-a0-284-gf9362112df (webtiles) character file.

Game seed: 14417807207931937402

30 spaghetti the Skirmisher (level 3, -3/28 HPs)
             Began as a Demonspawn Warper on Mar 24, 2022.
             Was an Elder of Ignis.
             Slain by a gnoll
             ... wielding a +0 flail
              (7 damage)
             ... on level 1 of the Dungeon.
             The game lasted 00:03:08 (2188 turns).

spaghetti the Skirmisher (Demonspawn Warper)        Turns: 2188, Time: 00:03:08

Health: -3/28      AC:  3    Str: 13    XL:     3   Next: 3%
Magic:  6/6        EV: 11    Int: 14    God:    Ignis [****..]
Gold:   89         SH:  0    Dex: 12    Spells: 6/6 levels left

rFire   + . .      SeeInvis .     - Unarmed
rCold   . . .      Faith    .   (no shield)
rNeg    . . .      Spirit   .   b - +0 leather armour
rPois   .          Reflect  .   (no helmet)
rElec   .          Harm     .   (no cloak)
rCorr   .          Rampage  .   (no gloves)
Will    .....                   (no boots)
Stlth   +.........              (no amulet)
HPRegen 0.09/turn               (no ring)
MPRegen 0.10/turn               (no ring)

@: no status effects
A: claws 1
a: Renounce Religion, Fiery Armour, Foxfire Swarm, Rising Flame


You were on level 1 of the Dungeon.
You worshipped Ignis.
Ignis was greatly pleased with you.
You visited 1 branch of the dungeon, and saw 2 of its levels.

You collected 89 gold pieces.


Innate Abilities, Weirdness & Mutations

You have sharp fingernails.


   Skills:
 - Level 2.8 Fighting
 - Level 1.7 Long Blades
 - Level 0.8 Throwing
 - Level 0.8 Armour
 - Level 1.7 Dodging
 + Level 1.6 Unarmed Combat
 - Level 2.0 Spellcasting
 - Level 2.7 Translocations


You had 6 spell levels left.
You didn't know any spells.
Your spell library contained the following spells:

 Spells                   Type           Power      Damage    Failure   Level
 Blink                    Tloc           16%        N/A       16%         2
 Summon Small Mammal      Summ           4%         N/A       30%         1
 Gell's Gravitas          Tloc           8%         N/A       30%         3
 Lesser Beckoning         Tloc           8%         N/A       30%         3
 Teleport Other           Tloc           8%         N/A       30%         3
 Call Canine Familiar     Summ           1%         N/A       65%         3
 Summon Guardian Golem    Hex/Summ       1%         N/A       65%         3
 Manifold Assault         Tloc           8%         N/A       95%         5

Inventory:

Hand Weapons
 a - a +0 falchion {long}
 h - a +0 halberd {polearm}
   (You took it off a gnoll on level 1 of the Dungeon)
 m - a +0 club {mace}
   (You found it on level 1 of the Dungeon)
 o - a +0 hunting sling {sling}
   (You found it on level 1 of the Dungeon)
 p - a +0 mace {mace}
   (You found it on level 1 of the Dungeon)
 q - a +0 club {mace}
   (You took it off a goblin on level 1 of the Dungeon)
 r - a +0 dagger {short}
   (You found it on level 1 of the Dungeon)
Missiles
 d - 7 boomerangs of dispersal {=f!fthrowing}
 i - 45 stones (quivered) {throwing}
Armour
 b - a +0 leather armour (worn)
Jewellery
 j - a ring of ice
   (You found it on level 1 of the Dungeon)
Scrolls
 e - a scroll of identify {unknown}
 g - a scroll of vulnerability {unknown}
 k - a scroll of teleportation {unknown}

Dungeon Overview and Level Annotations

Branches:
Dungeon (2/15)

Altars:
Ignis

♣♣...# #.# #.## ♣♣P...##########
#.# #v#v ♣♣P♣.P♣..........#
#.####.#. #♣...♣♣♣..........#
#...v>... ....P.♣♣..........#
#.g###.#♣ .♣PP♣♣♣#..........#
#..#vv§§♣ .......'..........#
#..#v#.♣♣
...#...#..........#######..#§#♣♣.
##.#.#.#.######.@g..(..(...#.♣.♣.
.#.#.#.#.# #.##########.#.♣♣.♣
.#.#.#.#.# #.#....#...#.#.#♣.♣
.#.#.#.#.# #....#.#.#.#.#.##.#
.#.#.#.#.########..#.#.#...#.##..
.#.#.#.#...........#.#.#####.....
## #.#.............#.#........##.
#.............#.#.########.##.
#################..... #.#..


You could see a gnoll.


Message History

The gnoll closely misses you. 😎 HP[+12]
Your hp is fully restored (23).
You hit the gnoll but do no damage.
The gnoll hits you with a +0 halberd! 😮 HP[-8]
You take 8 damage, and now have 15/23 hp.
MASSIVE DAMAGE!! (PAUSE)
The gnoll attacks as you move away! The gnoll closely misses you. x2
The gnoll is attracted toward you.
Activating: Foxfire Swarm
Press: ? - help, Dir - look around, f - activate Flames leap up around you!
The gnoll misses you. 😮 HP[+1]
You closely miss the gnoll.
The foxfire hits the gnoll. x2
The foxfire hits the gnoll but does no damage.
The foxfire hits the gnoll.
You kill the gnoll!
You have reached level 3!
Your experience leads to an increase in your attributes!
Increase (S)trength, (I)ntelligence, or (D)exterity?
You feel stronger. x2 😮 HP[+3] MP[+1]
You now have 28 max hp (+5).
You regained 3 hp, and now have 19/28 hp.
Your mp is fully restored (6).
h - a +0 halberd {polearm}
There is a stone staircase leading down here.
You start resting.
You feel less attractive to monsters. 😎 HP[+9]
Your hp is fully restored (28).
Okay, then.
You start removing your armour.
You continue taking off your +2 pair of gloves. x4
You finish taking off your +2 pair of gloves.
You drop a +2 pair of gloves.
You start waiting.
Done waiting.
You climb downwards.
The gnoll hits you with a +0 flail.
There is a stone staircase leading up, spattered with blood here. 😕 HP[-1]
You take 1 damage, and now have 27/28 hp.
The gnoll barely misses you.
You climb upwards.
There is a stone staircase leading down here.
You see here a +2 pair of gloves. 😎 HP[+1]
Your hp is fully restored (28).
You barely miss the gnoll. The gnoll barely misses you.
You scratch the gnoll but do no damage. You barely miss the gnoll.
The gnoll hits you with a +0 flail. 😕 HP[-2]
You take 2 damage, and now have 26/28 hp.
You scratch the gnoll.
The gnoll hits you with a +0 flail! 😮 HP[-7]
You take 7 damage, and now have 19/28 hp.
MASSIVE DAMAGE!! (PAUSE)
You completely miss the gnoll.
The gnoll hits you with a +0 flail. 😮 HP[-1]
You take 1 damage, and now have 18/28 hp.
You scratch the gnoll. The gnoll misses you.
You scratch the gnoll. The gnoll hits you with a +0 flail!
* * * LOW HITPOINT WARNING * * *
😨 HP[-8]
You take 8 damage, and now have 10/28 hp.
MASSIVE DAMAGE!! (PAUSE)
You don't know any spells.
You don't know any spells.
Unknown command.
Activating: Foxfire Swarm
Press: ? - help, Dir - look around, f - activate Flames leap up around you!
The gnoll hits you with a +0 flail!
* * * LOW HITPOINT WARNING * * *
😱 HP[-8]
You take 8 damage, and now have 2/28 hp.
MASSIVE DAMAGE!! (PAUSE)
The foxfire hits the gnoll.
The foxfire hits the gnoll but does no damage.
The foxfire hits the gnoll. x2
You aren't carrying any potions.
Really read
c - a scroll of blinking {!r}?
Blink to where?
Press: ? - help, Dir - move target
As you read the scroll of blinking {!r}, it crumbles to dust.
You don't know any spells.
Okay, then.
You are too injured to fight recklessly! 😱 HP[+1] Throw: 47 stones {throwing}
Press: ? - help, Q - select action, (/) - cycle Shift-Dir - straight line, f - gnoll
Aim: a gnoll, wielding a +0 flail (severely wounded, 61% to hit)
You throw a stone {throwing}.
The stone {throwing} hits the gnoll. 😱 HP[+1] Throw: 46 stones {throwing}
Press: ? - help, Q - select action, (/) - cycle Shift-Dir - straight line, f/p - gnoll
Aim: a gnoll, wielding a +0 flail (almost dead, 61% to hit)
You throw a stone {throwing}.
The stone {throwing} barely misses the gnoll.
You closely miss the gnoll. The gnoll hits you with a +0 flail!
You die...

Skill      XL: |  1  2 |
---------------+-------+-----
Unarmed Combat | 1 |  1.6
Fighting       | |  2.8
Long Blades    | |  1.7
Throwing       | |  0.8
Armour         | |  0.8
Dodging        | |  1.7
Spellcasting   | |  2.0
Translocations | |  2.7

Action                   || total
-------------------------++-------
Melee: Falchion          ||    29
       Unarmed           ||    86
Throw: Stone             ||    28
Invok: Foxfire Swarm     ||     2
  Use: Potion            ||     3
       Scroll            ||     1
Armor: Leather armour    ||    53
Dodge: Dodged            ||    86

Levels and vault maps discovered:
D:1:      dpeg_cavernosity, layout_basic, serial_forest,
          infiniplex_forest_zigzag_1, infiniplex_forest_corner_2,
          infiniplex_forest_diagonal, infiniplex_forest_corner_1,
          dreamdust_ecumenical_altar_grove, dk_noncrumbling_4,
          minmay_stone_trees_medium, hangedman_abyss_or_decor_stabs
D:2:      layout_loops_corners

Notes
Turn   | Place    | Note
-------+----------+-------------------------------------------
     0 | D:1      | spaghetti the Demonspawn Warper began the quest for the
                  | Orb.
     0 | D:1      | Reached XP level 1. HP: 16/16 MP: 3/3
     0 | D:1      | magus.rc [v1.9.6]
   204 | D:1      | Found a faded altar of an unknown god.
   318 | D:1      | Prayed at the altar of an unknown god.
   318 | D:1      | Became a worshipper of Ignis, the Dying Flame
   808 | D:1      | You pick up a book of Callings and begin reading...
   808 | D:1      | You add the spells Summon Small Mammal, Call Canine
                  | Familiar and Summon Guardian Golem to your library.
   865 | D:1      | Gained mutation: You have sharp fingernails. [demonic
                  | ancestry]
   865 | D:1      | Reached XP level 2. HP: 23/23 MP: 5/5
  1298 | D:1      | Reached skill level 1 in Unarmed Combat
  1961 | D:1      | Reached XP level 3. HP: 19/28 MP: 6/6
  2172 | D:1      | HP: 2/28 [gnoll/+0 flail (8)]
  2188 | D:1      | Slain by a gnoll

Vanquished Creatures
  A gnoll (D:1)
  4 bats (D:1)
  2 endoplasms (D:1)
  A giant cockroach (D:1)
  A goblin (D:1)
  3 hobgoblins (D:1)
  A quokka (D:1)
  3 ball pythons (D:1)
  A frilled lizard (D:1)
  A rat (D:1)
18 creatures vanquished.

Vanquished Creatures (others)
  9 foxfires (D:1)
9 creatures vanquished.

Grand Total: 27 creatures vanquished

Table legend:
 A = Non-vault XP
 B = Vault XP
 C = Vault XP percentage of total XP
 D = Non-vault monster count
 E = Vault monster count
 F = Vault count percentage of total count
                 A         B        C        D         E       F
            +---------+---------+-------+---------+---------+-------
      Total |      37 |       6 |  14.0 |      14 |       4 |  22.2
            +---------+---------+-------+---------+---------+-------
        D:1 |      37 |       6 |  14.0 |      14 |       4 |  22.2
            +---------+---------+-------+---------+---------+-------

Illustrated notes

Table legend:
 A = Kills in this place as a percentage of kills in entire the game.
 B = Kills by you in this place as a percentage of kills by you in the entire game.
 C = Kills by friends in this place as a percentage of kills by friends in the entire game.
 D = Other kills in this place as a percentage of other kills in the entire game.
 E = Experience gained in this place as a percentage of experience gained in the entire game.
 F = Experience gained in this place divided by the number of levels of this place that you have seen.
                   A       B       C       D       E      F
               +-------+-------+-------+-------+-------+----------------------
         Total | 100.0 | 100.0 |   N/A |   N/A | 100.0 |  21.5
       Dungeon | 100.0 | 100.0 |   N/A |   N/A | 100.0 |  21.5
               +-------+-------+-------+-------+-------+----------------------

Table legend: (Time is in decaauts)
 A = Elapsed time spent in this place.
 B = Non-inter-level travel time spent in this place.
 C = Inter-level travel time spent in this place.
 D = Time resting spent in this place.
 E = Time spent auto-exploring this place.
 F = Levels seen in this place.
 G = Mean time per level.
                   A        B        C        D        E       F      G
               +--------+--------+--------+--------+--------+-----+--------+
         Total |   2196 |   2154 |     42 |    513 |   1355 |   2 | 1098.0 |
       Dungeon |   2196 |   2154 |     42 |    513 |   1355 |   2 | 1098.0 |
               +--------+--------+--------+--------+--------+-----+--------+

Top non-repeatable levels by time:
     D:1: 2182 daAuts
     D:2: 13 daAuts
